 Dungeon Crawl Stone Soup version 0.31-a0-1616-gbeaec30b81 (webtiles) character file.

Game seed: 13351851777887604563

17281 Xavori the Nimble (level 12, -6/86 HPs)
             Began as a Djinni Chaos Knight on Jan 11, 2024.
             Was a Plaything of Xom.
             Mangled by a slime creature (9 damage)
             ... on level 12 of the Dungeon.
             The game lasted 00:22:17 (17618 turns).

Xavori the Nimble (Djinni Chaos Knight)            Turns: 17618, Time: 00:22:17

Health: -6/86      AC:  9    Str:  9    XL:     12   Next: 80%
Gold:   621        EV: 16    Int: 22    God:    Xom [.*....] SH:  0 Dex: 19

rFire   + + .        J - +9 staff of Olgreb {rPois∞}
rCold   x . .        (no shield)
rNeg    + . .        G - +0 troll leather armour
rPois   ∞            (no helmet)
rElec   .            C - +2 cloak of Restlessness {rPois rN+ Dex+3}
rCorr   .            (no gloves)
SInv    .            (boots unavailable)
Will    ++...        (no amulet)
Stlth   +            y - +4 ring of protection
HPRegen 1.14/turn    (no ring)
MPRegen 0.00/turn

%: clarity, infuse magic (-7 HP)
@: flying
A: sickness immunity, fire resistance 2, cold vulnerability 1, float, innate
caster, HP casting, extra vitality 1, clarity, clever 2, deformed body,
strong-willed 1, mutation resistance 1, wild magic 1, inability to read after
injury 1
a: Renounce Religion, Evoke the Staff of Olgreb


You were on level 12 of the Dungeon.
You worshipped Xom.
You were a plaything of Xom.
You visited 1 branch of the dungeon, and saw 12 of its levels.
You also visited: Ossuary and Bailey.

You collected 1019 gold pieces.
You spent 398 gold pieces at shops.

Inventory:

Hand Weapons
 a - a +0 falchion of protection
 J - the +9 staff of Olgreb (weapon) {rPois∞}
   (You found it on level 9 of the Dungeon)

   Radiate:   It can be activated via the 'a'bility menu to radiate toxic
   energy, with effectiveness depending on Evocations skill.
   Alch:      It enhances your alchemy magic.
   rPois∞: It grants immunity to poison.
Missiles
 i - 2 throwing nets (quivered)
Armour
 b - a +2 leather armour
 n - a scarf of resistance
 C - the +2 cloak of Restlessness (worn) {rPois rN+ Dex+3}
   (You found it in a bailey)

   Dex+3:     It affects your dexterity (+3).
   rPois:     It protects you from poison rN+: It protects you from negative
   energy.
 G - a +0 troll leather armour (worn)
Jewellery
 y - a +4 ring of protection (left hand)
Wands
 d - a wand of flame (30)
 l - a wand of charming (22)
 A - a wand of iceblast (9)
 D - a wand of polymorph (9)
 F - a wand of light (7)
Scrolls
 c - 2 scrolls of butterflies
 e - 6 scrolls of blinking
 f - 2 scrolls of poison
 g - 2 scrolls of revelation
 m - 2 scrolls of enchant weapon
 q - 5 scrolls of teleportation
 H - a scroll of fog
 I - 2 scrolls of fear
 L - a scroll of identify
Potions
 h - 5 potions of haste
 j - a potion of magic {unknown}
 k - 9 potions of curing
 o - a potion of cancellation
 p - 3 potions of brilliance
 r - 4 potions of degeneration {unknown}
 s - a potion of enlightenment {unknown}
 t - 2 potions of might
 u - 8 potions of heal wounds
 v - 2 potions of invisibility {unknown}
 w - a potion of resistance {unknown}
 x - a potion of berserk rage {unknown}
 z - 3 potions of ambrosia {unknown}
 B - 4 potions of lignification {unknown}
 E - 3 potions of mutation {unknown}
Miscellaneous
 K - a tin of tremorstones (2/2)


   Skills:
 + Level 8.1 Fighting
 + Level 7.3 Long Blades
 * Level 4.2 Staves
 + Level 7.5 Armour
 + Level 8.4 Dodging
 * Level 7.8 Spellcasting
 * Level 7.8 Conjurations
 * Level 7.8 Hexes
   Level 0.0 Charms
 * Level 7.8 Summonings
 * Level 7.8 Necromancy
 * Level 7.8 Translocations
   Level 0.0 Transmutations
 * Level 7.8 Fire Magic
 * Level 7.8 Ice Magic
 * Level 7.8 Air Magic
 * Level 7.8 Earth Magic
 * Level 7.8 Alchemy
 * Level 7.8 Evocations


You knew the following spells:

 Your Spells              Type           Power      Damage    Failure   Level
a - Freeze                Ice            100%       1d10      1%          1
b - Ensorcelled Hibernat  Hex/Ice        100%       N/A       1%          2
c - Frozen Ramparts       Ice            100%       1d16      2%          3
d - Sticky Flame          Fire/Alch      71%        2d11      7%          4
e - Lee's Rapid Deconstr  Erth           27%        3d14*     16%         5
Your spell library was empty.

Dungeon Overview and Level Annotations

Branches:
Dungeon (13/15)            Temple (0/1) D:4            Lair (0/5) D:10
    Orc (0/2) D:10        Ossuary (visited)          Bailey (visited)
 Vaults: D:13-14

Altars:
Wu Jian
Xom
Zin

Shops:
D:1 (!:   D:5 *

Annotations:
D:9 1 runed translucent door


Innate Abilities, Weirdness & Mutations

You are immune to sickness and miasma.
You are immune to poison.
Your flesh is very heat resistant. (rF++)
You are vulnerable to cold. (rC-)
You float through the air rather than walking.
You learn spells naturally, not from books.
Your magical power is your life essence.
You have superior vitality. (+4 MHP)
You possess an exceptional clarity of mind.
Your mind is very acute. (Int +8, Str/Dex -2)
Armour fits poorly on your strangely shaped body.
You are strong-willed. (Will+)
You are somewhat resistant to further mutation.
Your spells are a little harder to cast, but a little more powerful.
You occasionally lose the ability to read scrolls when taking damage.


Message History

Press: ? - help, Shift-Dir - straight line, f - slime creature
Aim: a slime creature You feel a surge of power!
The sticky flame hits the slime creature!
The slime creature is moderately wounded.
The slime creature burns!
The slime creature hits you!
You hit the slime creature but do no damage.
You envenom the slime creature.
The slime creature is poisoned.
The slime creature is heavily wounded.
The slime creature burns!
The slime creature hits you!
You hit the slime creature.
You envenom the slime creature.
The slime creature looks even sicker.
The slime creature is severely wounded.
The slime creature burns!
The slime creature hits you!
The slime creature burns!
You kill the slime creature!
A large slime creature splits.
The slime creature attacks as it pursues you!
The slime creature barely misses you.
The slime creature attacks as it pursues you!
The slime creature hits you.
The two-headed ogre looks more healthy.
The slime creature attacks as it pursues you!
The slime creature hits you! "First here, now there."
You swap places with the slime creature.
The slime creature looks rather confused.
The slime creature hits you. The slime creature barely misses you.
You catch the helpless slime creature completely off-guard!
You hit the slime creature.
You envenom the slime creature.
The slime creature is poisoned.
The slime creature is lightly wounded.
The two-headed ogre hits you with a +0 giant spiked club!!
* * * LOW HITPOINT WARNING * * *
The two-headed ogre hits you with a +0 giant spiked club!!
* * * LOW HITPOINT WARNING * * *
The slime creature hits you!
You die...
Xom thinks this is hilarious!

###############################
.................J............#
...........####J@O.....>...#..#
##...#####.# #..####..##..#..#
##...# #.# #..# #..##..#..#
##...# #.# #..# #..##..#J.#
##...# #.# #..# #..##..#.J#
##...# #.# #..# #..##..#O!#
##...# #.# #..# #..##..#..#
##...# #.# #..# #..##..# #...#
#.. #..##..#


You could see 2 slime creatures and a two-headed ogre.

Vanquished Creatures
  Kirke (D:12)
  Erolcha (D:10)
  A catoblepas (D:13)
  A centaur warrior (D:12)
  A boulder beetle (D:7)
  3 wolf spiders (D:9)
  An ugly thing (D:13)
  A cyclops (D:12)
  A manticore (D:13)
  Joseph (D:10)
  A water nymph (shapeshifter) (D:9)
  7 trolls
  4 hornets (D:9)
  Grinder (D:4)
  Sigmund (D:5)
  A vampire (D:10)
  A slime creature (D:12)
  2 wraiths (D:12)
  6 hogs (D:12)
  A basilisk (D:13)
  6 redbacks (D:9)
  A steam dragon (D:9)
  6 vampire mosquitoes
  6 water moccasins
  7 orc warriors
  A wolf (D:10)
  A boggart (D:3)
  4 centaurs
  7 kobold brigands
  8 scorpions
  2 elf skeletons (D:4)
  3 wights (D:8)
  7 killer bees
  A howler monkey (D:6)
  5 electric eels
  3 centaur zombies (Ossuary)
  2 human zombies
  8 hounds
  2 jellies
  6 orc priests
  A sleepcap (D:7)
  Jessica (D:3)
  2 iguanas (D:5)
  3 orc wizards
  2 ogre zombies (Ossuary)
  7 mummies (Ossuary)
  8 adders
  19 gnolls
  3 white imps
  2 ufetubi (D:5)
  2 adder zombies (Ossuary)
  A ribbon worm (D:4)
  2 dart slugs
  23 orcs
  8 ball pythons
  9 bats
  5 endoplasms
  4 giant cockroaches
  A gnoll zombie (Ossuary)
  14 goblins
  16 hobgoblins
  7 jackals
  52 kobolds
  5 quokkas
  6 frilled lizards
  4 goblin zombies (Ossuary)
  2 hobgoblin zombies (Ossuary)
  6 kobold zombies (Ossuary)
  An orc skeleton (D:4)
  3 orc zombies
  3 quokka zombies (Ossuary)
  3 rats
  4 rat zombies (Ossuary)
352 creatures vanquished.

Vanquished Creatures (collateral kills)
  2 kobold brigands (D:3)
  A human skeleton (D:4)
  A gnoll (D:3)
  4 kobolds (D:3)
8 creatures vanquished.

Vanquished Creatures (others)
  A redback (D:9)
1 creature vanquished.

Grand Total: 361 creatures vanquished

Notes
Turn   | Place    | Note
-------+----------+-------------------------------------------
     0 | D:1      | Xavori the Djinni Chaos Knight began the quest for the Orb.
     0 | D:1      | Reached XP level 1. HP: 20/20 MP: 0/0
   119 | D:1      | Found Muryakyt's Distillery.
   201 | D:1      | XOM: silly message
   205 | D:1      | Reached XP level 2. HP: 25/25 MP: 0/0
   294 | D:1      | Found Deserhapp's Weapon Shoppe.
   422 | D:1      | Reached XP level 3. HP: 29/30 MP: 0/0
   422 | D:1      | Learned a level 1 spell: Freeze
   489 | D:1      | Found Syofu's Weapon Shop.
   529 | D:1      | Reached skill level 1 in Spellcasting
   529 | D:1      | Reached skill level 1 in Conjurations
   529 | D:1      | Reached skill level 1 in Hexes
   529 | D:1      | Reached skill level 1 in Summonings
   529 | D:1      | Reached skill level 1 in Necromancy
   529 | D:1      | Reached skill level 1 in Translocations
   529 | D:1      | Reached skill level 1 in Fire Magic
   529 | D:1      | Reached skill level 1 in Ice Magic
   529 | D:1      | Reached skill level 1 in Air Magic
   529 | D:1      | Reached skill level 1 in Earth Magic
   529 | D:1      | Reached skill level 1 in Alchemy
   593 | D:1      | XOM: 2-stop teleportation journey
   815 | D:1      | Found Bohytiov's Book Shop.
  1222 | D:1      | XOM: summons 2 hostile demons
  2182 | D:1      | XOM is BORED!
  2182 | D:1      | XOM: draining
  2480 | D:1      | XOM: torment (14/25 hp)
  2936 | D:1      | XOM: noise
  3428 | D:1      | XOM: summons 2 hostile demons
  3661 | D:1      | XOM: summons 1 hostile shadow creature
  4298 | D:1      | XOM is BORED!
  4298 | D:1      | XOM: summons 1 hostile shadow creature
  4337 | D:2      | XOM: stat loss: -1 Int (12/13)
  5783 | D:1      | XOM: give mutations
  5783 | D:1      | Gained mutation: You are frail. (-10% HP) [Xom's mischief]
  5783 | D:1      | Gained mutation: Your mind is acute. (Int +4, Str/Dex -1)
                  | [Xom's mischief]
  6181 | D:1      | XOM: give mutations
  6181 | D:1      | Gained mutation: You are partially covered in iridescent
                  | scales. (AC +2) [Xom's mischief]
  6181 | D:1      | Gained mutation: You expend health (3 HP) to strengthen
                  | your wands. [Xom's mischief]
  6382 | D:1      | XOM: give mutation
  6382 | D:1      | Gained mutation: You are mostly covered in iridescent
                  | scales. (AC +4) [Xom's mischief]
  6489 | D:2      | XOM: 5-stop teleportation journey
  6497 | D:2      | XOM: chaos cloud
  6499 | D:2      | XOM: confusion
  6500 | D:2      | XOM: chaos cloud
  6501 | D:2      | XOM: give mutation
  6501 | D:2      | Gained mutation: You are strong-willed. (Will+) [Xom's
                  | grace]
  6525 | D:2      | XOM: enchant monster (bad)
  6725 | D:2      | XOM: 1-stop teleportation journey
  6760 | D:2      | Reached XP level 4. HP: 25/28 MP: 0/0
  7269 | D:3      | XOM: 3-stop teleportation journey
  7272 | D:3      | a gnoll changed into a boggart
  7272 | D:3      | Noticed a boggart
  7272 | D:3      | XOM: polymorph gnoll -> boggart
  7469 | D:3      | Killed a boggart
  7470 | D:3      | Reached XP level 5. HP: 29/36 MP: 0/0
  7470 | D:3      | Learned a level 2 spell: Ensorcelled Hibernation
  7609 | D:3      | Noticed Jessica
  7618 | D:3      | Killed Jessica
  7619 | D:3      | Reached XP level 6. HP: 42/42 MP: 0/0
  8110 | D:3      | XOM: cloud trail
  8152 | D:3      | XOM: summons friendly quasit
  8259 | D:3      | Reached XP level 7. HP: 38/46 MP: 0/0
  8259 | D:3      | Learned a level 3 spell: Frozen Ramparts
  8444 | D:3      | XOM: divination: detect items
  8711 | D:3      | XOM: summons 7 friendly demons
  9059 | D:1      | Bought a potion of heal wounds for 65 gold pieces
  9059 | D:1      | Bought a potion of might for 52 gold pieces
  9059 | D:1      | Bought a potion of heal wounds for 65 gold pieces
  9059 | D:1      | Bought a potion of heal wounds for 65 gold pieces
  9214 | D:4      | XOM: enchant monster (good)
  9246 | D:4      | XOM: cloud trail
  9263 | D:4      | Reached XP level 8. HP: 39/52 MP: 0/0
  9268 | D:4      | Found a sand-covered staircase.
  9274 | D:4      | XOM: enchant monster (good)
  9278 | Ossuary  | Entered an ossuary
  9282 | Ossuary  | XOM: summons 3 hostile shadow creatures
  9587 | Ossuary  | XOM: divination: detect creatures
  9829 | Ossuary  | XOM: divination: detect items
  9856 | Ossuary  | XOM: potion effect (brilliance)
 10423 | D:4      | Noticed Grinder
 10447 | D:4      | Killed Grinder
 10448 | D:4      | Reached skill level 5 in Fighting
 10893 | D:4      | Found a staircase to the Ecumenical Temple.
 10913 | D:5      | Entered Level 5 of the Dungeon
 10991 | D:5      | XOM: potion effect (invisibility)
 11006 | D:5      | XOM: silly message
 11010 | D:5      | XOM: silly message
 11021 | D:5      | Reached skill level 5 in Dodging
 11021 | D:5      | Reached XP level 9. HP: 32/58 MP: 0/0
 11021 | D:5      | Learned a level 4 spell: Sticky Flame
 11345 | D:5      | XOM: cast spell 'Summon Ice Beast'
 11412 | D:5      | Noticed Sigmund
 11422 | D:5      | Killed Sigmund
 11423 | D:5      | Reached skill level 5 in Long Blades
 11423 | D:5      | Reached skill level 5 in Spellcasting
 11423 | D:5      | Reached skill level 5 in Conjurations
 11423 | D:5      | Reached skill level 5 in Hexes
 11423 | D:5      | Reached skill level 5 in Summonings
 11423 | D:5      | Reached skill level 5 in Necromancy
 11423 | D:5      | Reached skill level 5 in Translocations
 11423 | D:5      | Reached skill level 5 in Fire Magic
 11423 | D:5      | Reached skill level 5 in Ice Magic
 11423 | D:5      | Reached skill level 5 in Air Magic
 11423 | D:5      | Reached skill level 5 in Earth Magic
 11423 | D:5      | Reached skill level 5 in Alchemy
 11766 | D:5      | XOM: god gift: orb of energy
 11863 | D:5      | Found Nuuzoizy's CLEARANCE SALE!.
 11872 | D:5      | Bought a scroll of teleportation for 21 gold pieces
 11964 | D:5      | XOM: noise
 12081 | D:1      | Bought a potion of haste for 130 gold pieces
 12120 | D:2      | XOM: noise
 12702 | D:6      | Found the +11 Singing Sword {sonic wave}
 12712 | D:6      | XOM: confusion (+ monsters)
 12891 | D:7      | Noticed a boulder beetle
 12903 | D:7      | XOM: scenery: 1 doors open
 12913 | D:7      | Killed a boulder beetle
 12914 | D:7      | Reached skill level 5 in Armour
 12914 | D:7      | Reached XP level 10. HP: 6/64 MP: 0/0
 13027 | D:7      | XOM: scenery: 1 doors open
 13131 | D:7      | Found a glowing silver altar of Zin.
 13149 | D:7      | Found a flagged portal.
 13204 | Bailey   | Entered a bailey
 13260 | Bailey   | XOM: divination: detect items
 13276 | Bailey   | XOM: confuse monster(s)
 13328 | Bailey   | XOM: smoke on damage
 13458 | Bailey   | XOM: cloud trail
 13561 | Bailey   | Found an iron altar of Okawaru.
 13567 | Bailey   | Identified the +2 cloak of Restlessness {rPois rN+ Dex+3}
 13888 | D:7      | XOM: divination: detect items
 14249 | D:7      | XOM: scenery: summon butterflies
 14301 | D:8      | XOM: stealth player
 14364 | D:8      | XOM: potion effect (might)
 14506 | D:8      | XOM: polymorph sky beast -> jelly
 14899 | D:8      | XOM: give mutations
 14899 | D:8      | Lost mutation: You expend health (3 HP) to strengthen your
                  | wands. [Xom's mischief]
 14899 | D:8      | Gained mutation: You are clumsy. (Dex -2) [Xom's mischief]
 14899 | D:8      | Gained mutation: Your spells are a little harder to cast,
                  | but a little more powerful. [Xom's mischief]
 14899 | D:8      | Gained mutation: You possess an exceptional clarity of
                  | mind. [Xom's mischief]
 15355 | D:9      | XOM: give mutations
 15355 | D:9      | Lost mutation: You are mostly covered in iridescent scales.
                  | (AC +4) [Xom's mischief]
 15355 | D:9      | Lost mutation: You are strong-willed. (Will+) [Xom's
                  | mischief]
 15355 | D:9      | Gained mutation: You expend health (3 HP) to strengthen
                  | your wands. [Xom's mischief]
 15487 | D:9      | XOM is BORED!
 15487 | D:9      | Found a runed translucent door.
 15487 | D:9      | Found a runed translucent gate.
 15487 | D:9      | XOM: 3-stop teleportation journey
 15488 | D:9      | Found a runed translucent gate.
 15489 | D:9      | Noticed a black mamba
 15496 | D:9      | Found a runed translucent gate.
 15498 | D:9      | Noticed a wolf spider
 15498 | D:9      | Noticed a wolf spider
 15498 | D:9      | Noticed a wolf spider
 15499 | D:9      | Noticed a wolf spider
 15507 | D:9      | Found a runed translucent door.
 15516 | D:9      | Found the +9 staff of Olgreb {rPois∞}
 15550 | D:9      | Noticed Maggie
 15551 | D:9      | XOM: destruction
 15552 | D:9      | Maggie changed into Maggie the steam dragon
 15552 | D:9      | Noticed Maggie
 15566 | D:9      | Killed Maggie the steam dragon
 15719 | D:9      | Found an ornate altar of the Wu Jian Council.
 15794 | D:9      | XOM: noise
 15797 | D:9      | XOM: stat loss: -1 Int (17/18)
 15802 | D:9      | XOM: stat loss: -1 Str (9/10)
 15804 | D:9      | XOM: chaos cloud
 15825 | D:9      | XOM: noise
 16051 | D:9      | XOM: snakes to sticks
 16055 | D:9      | Killed a wolf spider
 16056 | D:9      | Reached XP level 11. HP: 20/70 MP: 0/0
 16056 | D:9      | Learned a level 5 spell: Lee's Rapid Deconstruction
 16099 | D:9      | XOM: summons 6 hostile demons
 16168 | D:9      | XOM: repel stairs
 16227 | D:9      | a wolf spider changed into a glowing shapeshifter
 16227 | D:9      | Noticed a glowing shapeshifter (glowing shapeshifter)
 16227 | D:9      | XOM: polymorph wolf spider -> glowing shapeshifter
 16227 | D:9      | a glowing shapeshifter changed into a two-headed ogre
 16227 | D:9      | Noticed a two-headed ogre (glowing shapeshifter)
 16229 | D:9      | a two-headed ogre changed into a deep troll
 16229 | D:9      | Noticed a deep troll (glowing shapeshifter)
 16230 | D:9      | a deep troll changed into a water nymph
 16233 | D:9      | Reached skill level 5 in Evocations
 16280 | D:9      | XOM: give mutation
 16280 | D:9      | Gained mutation: You occasionally lose the ability to read
                  | scrolls when taking damage. [Xom's mischief]
 16286 | D:9      | Killed a wolf spider
 16317 | D:9      | XOM: swap monsters
 16323 | D:9      | Killed a wolf spider
 16323 | D:9      | XOM: enchant monster (good)
 16382 | D:9      | XOM: blink monster(s)
 16494 | D:10     | Entered Level 10 of the Dungeon
 16494 | D:10     | XOM: repel stairs
 16503 | D:10     | Reached skill level 1 in Staves
 16586 | D:10     | XOM: give mutations
 16586 | D:10     | Gained mutation: You are very vulnerable to cold. (rC--)
                  | [Xom's mischief]
 16586 | D:10     | Lost mutation: You are very vulnerable to cold. (rC--)
                  | [Xom's mischief]
 16586 | D:10     | Lost mutation: You expend health (3 HP) to strengthen your
                  | wands. [Xom's mischief]
 16590 | D:10     | XOM: enchant monster (bad)
 16614 | D:10     | Noticed Joseph
 16614 | D:10     | Noticed Erolcha
 16616 | D:10     | XOM: noise
 16619 | D:10     | XOM: summons 6 friendly demons
 16624 | D:10     | Killed Joseph
 16634 | D:10     | XOM: noise
 16682 | D:10     | Killed Erolcha
 16683 | D:10     | Reached XP level 12. HP: 70/76 MP: 0/0
 16716 | D:10     | Found a staircase to the Orcish Mines.
 16752 | D:10     | XOM: noise
 16782 | D:10     | Found a staircase to the Lair.
 16807 | D:10     | XOM: scenery: create altars
 16915 | D:10     | You are sucked into a shaft and drop 3 floors!
 16919 | D:13     | Noticed a tengu warrior
 16920 | D:13     | a tengu warrior changed into a basilisk
 16920 | D:13     | XOM: polymorph tengu warrior -> basilisk
 16925 | D:13     | Noticed a catoblepas
 16926 | D:13     | XOM: cleaving
 16939 | D:13     | XOM: cast spell 'Disjunction'
 16943 | D:13     | Killed a catoblepas
 16978 | D:13     | XOM: give mutations
 16978 | D:13     | Gained mutation: Your mind is very acute. (Int +8, Str/Dex
                  | -2) [Xom's grace]
 16978 | D:13     | Gained mutation: You are somewhat resistant to further
                  | mutation. [Xom's grace]
 16978 | D:13     | Lost mutation: You are clumsy. (Dex -2) [Xom's grace]
 16978 | D:13     | Gained mutation: You are strong-willed. (Will+) [Xom's
                  | grace]
 17002 | D:13     | XOM: 7-stop teleportation journey
 17274 | D:12     | XOM: divination: detect items
 17301 | D:12     | Noticed Kirke
 17310 | D:12     | XOM: god gift: shortbow {god gift}
 17316 | D:12     | Killed Kirke
 17338 | D:12     | Noticed a centaur warrior
 17347 | D:12     | Killed a centaur warrior
 17362 | D:12     | XOM: give mutations
 17362 | D:12     | Lost mutation: You are frail. (-10% HP) [Xom's mischief]
 17362 | D:12     | Lost mutation: You are partially covered in iridescent
                  | scales. (AC +2) [Xom's mischief]
 17362 | D:12     | Gained mutation: Armour fits poorly on your strangely
                  | shaped body. [Xom's mischief]
 17378 | D:12     | XOM: blink monster(s)
 17597 | D:12     | Noticed a two-headed ogre
 17616 | D:12     | XOM: swap monsters
 17618 | D:12     | HP: 3/86 [two-headed ogre/+0 giant spiked club (20)]
 17618 | D:12     | Mangled by a slime creature

Illustrated notes

Levels and vault maps discovered:
D:1:      psy_arrival_radial01, layout_basic, serial_shops, shop,
          nicolae_shop_crystal, shop, shop
D:2:      layout_basic, grunt_decor_cap
D:3:      minmay_goblin_kobold_castle, layout_loops_ring, uniq_jessica
D:4:      layout_basic, minmay_temple_entry_fiery,
          nicolae_ossuary_entry_catacombs, uniq_grinder
D:5:      layout_basic, minmay_strange_pillars, nicolae_shop_clearance,
          uniq_sigmund
D:6:      old_forge, layout_basic
D:7:      cheibrodos_helix_gallery, layout_basic, lemuel_tele_altar,
          enter_bailey_4
D:8:      layout_basic
D:9:      layout_long_grid, old_standard_altar,
          minmay_guarded_unrand_staff_of_olgreb, uniq_maggie
D:10:     layout_rooms, erik_lair_island, minmay_orc_entry_temple_small,
          uniq_erolcha, uniq_joseph
D:12:     layout_long_grid, david_defended_altar_orc, uniq_kirke
D:13:     layout_irregular_city

Skill      XL: |  1  2  3  4  5  6  7  8  9 10 11 12 |
---------------+-------------------------------------+-----
Spellcasting   | 1 2 3 4 5 6 7 |  7.8
Conjurations   | 1 2 3 4 5 6 7 |  7.8
Hexes          | 1 2 3 4 5 6 7 |  7.8
Summonings     | 1 2 3 4 5 6 7 |  7.8
Necromancy     | 1 2 3 4 5 6 7 |  7.8
Translocations | 1 2 3 4 5 6 7 |  7.8
Fire Magic     | 1 2 3 4 5 6 7 |  7.8
Ice Magic      | 1 2 3 4 5 6 7 |  7.8
Air Magic      | 1 2 3 4 5 6 7 |  7.8
Earth Magic    | 1 2 3 4 5 6 7 |  7.8
Alchemy        | 1 2 3 4 5 6 7 |  7.8
Long Blades    | 3 4 5 6 7 |  7.3
Armour         | 2 3 4 5 6 7 |  7.5
Dodging        | 3 4 5 6 7 8 |  8.4
Fighting       | 4 5 6 7 8 |  8.1
Evocations     | 2 4 6 7 |  7.8
Staves         | 2 4 |  4.2

Action                     |  1- 3 |  4- 6 |  7- 9 | 10-12 || total
---------------------------+-------+-------+-------+-------++-------
  Melee: Falchion          |   111 |   129 |   671 |   259 ||  1170
         Punch             |       |     2 |    21 |     8 ||    31
         Staff             |       |       |       |   117 ||   117
   Cast: Frozen Ramparts   |       |       |    13 |    14 ||    27
         Sticky Flame      |       |       |     3 |    41 ||    44
         Ensorcelled Hiber |       |       |     1 |       ||     1
Ability: Evoke the Staff o |       |       |       |    34 ||    34
  Evoke: Wand              |       |       |       |     4 ||     4
    Use: Scroll            |       |       |     9 |     6 ||    15
         Potion            |       |       |     1 |     1 ||     2
   Stab: Sleeping          |       |     1 |     2 |       ||     3
         Confused          |       |     1 |     3 |     3 ||     7
         Distracted        |       |     1 |       |       ||     1
         Petrified         |       |       |    11 |       ||    11
         Paralysed         |       |       |     3 |       ||     3
         Invisible         |       |       |       |     1 ||     1
 Armour: Leather armour    |   100 |   121 |   438 |   113 ||   772
         Troll leather arm |       |       |       |   281 ||   281
  Dodge: Dodged            |    92 |   134 |   512 |   440 ||  1178

Table legend: (Time is in decaauts)
 A = Elapsed time spent in this place.
 B = Non-inter-level travel time spent in this place.
 C = Inter-level travel time spent in this place.
 D = Time resting spent in this place.
 E = Time spent auto-exploring this place.
 F = Levels seen in this place.
 G = Mean time per level.
                   A        B        C        D        E       F      G
               +--------+--------+--------+--------+--------+-----+--------+
         Total |  17761 |  17199 |    562 |   6744 |   7446 |  14 | 1268.6 |
       Dungeon |  16473 |  15911 |    562 |   6515 |   6861 |  12 | 1372.8 |
       Ossuary |    865 |    865 |      0 |     96 |    475 |   1 |  865.0 |
        Bailey |    422 |    422 |      0 |    133 |    110 |   1 |  422.0 |
               +--------+--------+--------+--------+--------+-----+--------+

Top non-repeatable levels by time:
     D:1: 5588 daAuts
     D:2: 1972 daAuts
     D:3: 1743 daAuts
     D:9: 1141 daAuts
     D:5: 1087 daAuts
     D:7: 1083 daAuts
     D:8: 1080 daAuts
     D:4: 1002 daAuts
 Ossuary: 865 daAuts
     D:6: 642 daAuts
    D:12: 430 daAuts
  Bailey: 422 daAuts
    D:10: 402 daAuts
    D:13: 299 daAuts
